 Dungeon Crawl Stone Soup version 0.16.1-51-g6203257 (webtiles) character file.

167 Redwan the Shield-Bearer (level 5, -9/47 HPs)
             Began as a Minotaur Fighter on July 22, 2015.
             Mangled by ghwc's ghost (15 damage)
             ... while paralysed by ghwc's ghost
             ... on level 3 of the Dungeon.
             The game lasted 00:08:44 (2080 turns).

Redwan the Shield-Bearer (Minotaur Fighter)         Turns: 2080, Time: 00:08:44

Health: -9/47      AC: 10    Str: 21    XL:     5   Next: 23%
Magic:  2/2        EV:  2    Int:  5    God:
Gold:   150        SH:  0    Dex: 10    Spells: 0 memorised, 4 levels left

rFire  . . .     SeeInvis .     a - +0 long sword
rCold  . . .     Clarity  .     r - +0 chain mail
rNeg   . . .     SustAb   .     c - +0 shield
rPois  .         Gourm    .     (helmet restricted)
rElec  .         Spirit   .     (no cloak)
rCorr  .         Warding  .     m - +0 pair of gloves
rMut   .         Stasis   .     (no boots)
MR     .....                    (no amulet)
Stlth  ..........               (no ring)
                                (no ring)

@: paralysed, not resistant to hostile enchantments, extremely unstealthy
A: retaliatory headbutt, horns 2
a: no special abilities


You were on level 3 of the Dungeon.
You were not hungry.

You visited 1 branch of the dungeon, and saw 3 of its levels.

You collected 150 gold pieces.

Inventory:

Hand weapons
 a - a +0 long sword (weapon)
Armour
 c - a +0 shield (worn)
 m - a +0 pair of gloves (worn)
 r - a +0 chain mail (worn)
Scrolls
 b - 2 scrolls of enchant armour {unknown}
 f - 7 scrolls of identify {unknown}
 h - 2 scrolls of remove curse {unknown}
 n - 2 scrolls of recharging {unknown}
 p - 2 scrolls of random uselessness {unknown}
 q - a scroll of fog {unknown}
Potions
 e - a potion of might
 g - a potion of mutation {unknown}
 i - 5 potions of curing {unknown}
 l - a potion of poison {unknown}
Comestibles
 d - 2 bread rations
 j - a slice of pizza
 k - a meat ration
 o - 2 fruits


   Skills:
 + Level 4.7 Fighting
 + Level 3.7 Long Blades
 + Level 4.4 Armour
 + Level 5.2 Shields


You had 4 spell levels left.
You didn't know any spells.

Dungeon Overview and Level Annotations

Branches:
Dungeon (3/15)

Altars:
Nemelex Xobeh

Annotations:
D:3 ghwc's ghost, average DsCK


Innate Abilities, Weirdness & Mutations

You reflexively headbutt those who attack you in melee.
You have a pair of horns on your head.


Message History

You feel sick.
You feel sick.
Ghwc's ghost giggles, "Hey deadhead, what fun to see your head drop dead!"
You feel sick.
You feel sick.
You feel sick.
You feel sick.
You feel sick.
You feel sick.
You are no longer poisoned.
You see here a rat corpse.
Ghwc's ghost says, "They'll have to sweep you off the floor after I'm finished with you!"
Items here: ))))) [[
There is a stone staircase leading down here.
Ghwc's ghost hits you but does no damage.
You suddenly lose the ability to move!
Ghwc's ghost hits you.
* * * LOW HITPOINT WARNING * * *
You are electrocuted!
You die...

#######.### #.# .......(..# #.#
#########.# #.# #.# ######.# #.#
#......# # ###.###
#.###..####.### #.....###.#
#.........# ####
#.........###.......#.# ...#
#......##.@W...######.#
##.####......###...#.# ##.#####
.................#.#.# #.......
##.###.......###...#)#####....###
#.# #####<#.# #####............#
#.# #.#.# ######........ #.#
#.#.# #.......# #.# #.#.#
###...### ##.#######.#># #...#


You could see ghwc's ghost.

Vanquished Creatures
  An orc priest (D:3)
  4 adders
  5 worms
  A giant gecko (D:2)
  5 orcs (D:3)
  A giant cockroach (D:1)
  5 goblins
  14 hobgoblins
  7 jackals (D:2)
  2 ball pythons
  8 bats
  A giant newt (D:1)
  2 kobolds (D:1)
  10 rats
66 creatures vanquished.

Notes
Turn   | Place    | Note
--------------------------------------------------------------
     0 | D:1      | Redwan, the Minotaur Fighter, began the quest for the Orb.
     0 | D:1      | Reached XP level 1. HP: 19/19 MP: 1/1
   299 | D:1      | Reached XP level 2. HP: 27/27 MP: 1/1
   326 | D:1      | Reached skill level 4 in Shields
   643 | D:1      | Found a sparkling altar of Nemelex Xobeh.
   759 | D:2      | Reached XP level 3. HP: 28/33 MP: 2/2
   928 | D:2      | Reached XP level 4. HP: 22/41 MP: 2/2
  1459 | D:3      | Noticed ghwc's ghost (average DsCK)
  1711 | D:3      | Reached skill level 5 in Shields
  1782 | D:3      | Reached XP level 5. HP: 32/47 MP: 2/2
  2079 | D:3      | Paralysed by ghwc's ghost for 6 turns
  2080 | D:3      | Mangled by ghwc's ghost

Action                   |  1- 3 |  4- 6 || total
-------------------------+-------+-------++-------
Melee: Long sword        |   103 |    98 ||   201
  Eat: Chunk             |       |     4 ||     4
